 Dungeon Crawl Stone Soup version bcrawl-1.17.3 (webtiles) character file.

Game seed: 16048545487475278262

1017 Ethylacetat the Slasher (level 8, 0/93 HPs)
             Began as a Demonspawn Archaeologist on Oct 19, 2019.
             Slain by an orc warrior
             ... wielding a +0 war axe
              (9 damage)
             ... on level 5 of the Dungeon.
             The game lasted 00:10:52 (4683 turns).

Ethylacetat the Slasher (Demonspawn Archaeologist)  Turns: 4683, Time: 00:10:53

Health: 0/93       AC: 24    Str: 11    XL:     8   Next: 2%
Magic:  0/8        EV:  2    Int: 17    God:
Gold:   399        SH:  2    Dex: 13    Spells: 7/7 levels left

rFire    . . .     SeeInvis .   f - +2 Maxwell's thermic engine {flame, freeze}
rCold    . . .     Gourm    .   (no shield)
rNeg     + + +     Faith    .   (armour currently unavailable)
rPois    +         Spirit   +   (helmet currently unavailable)
rElec    .         Reflect  .   (cloak currently unavailable)
rCorr    .         Harm     .   (gloves currently unavailable)
MR       .....     NoTele   +   (boots currently unavailable)
Stlth    ++........             (no amulet)
HPRegen  0.25/turn              (no ring)
MPRegen  0.22/turn              (no ring)

@: tree-form, hasted, very quick
A: magic shield, magic regeneration
a: no special abilities


You were on level 5 of the Dungeon.
You were not hungry.
You were a tree.
You visited 1 branch of the dungeon, and saw 5 of its levels.

You collected 399 gold pieces.

Inventory:

Hand Weapons
 a - a +0 whip
 f - the +2 Maxwell's thermic engine (weapon) {flame, freeze}

   It has been specially enchanted to burn those struck by it, causing extra
   injury to most foes and up to half again as much damage against particularly
   susceptible opponents.
   Big, fiery blades are also staple armaments of hydra-hunters.
 l - a +0 dagger
 n - a +0 falchion
Armour
 c - a +1 hat (melded)
 d - a +1 pair of boots (melded)
 j - +0 pearl dragon scales (melded)
Wands
 s - a wand of acid (8)
 v - a wand of enslavement (7)
 w - a wand of random effects (5)
Scrolls
 k - 3 scrolls of blinking {unknown}
 m - a scroll of identify {unknown}
 o - a scroll of teleportation {unknown}
 r - a scroll of amnesia {unknown}
 t - a scroll of enchant weapon {unknown}
 u - a scroll of remove curse {unknown}
Potions
 b - a potion of haste
 e - a potion of lignification
 h - a potion of flight {unknown}
 i - a potion of mutation {unknown}
 q - a potion of degeneration {unknown}
Comestibles
 g - 8 rations {!d}


   Skills:
 + Level 5.3 Fighting
 * Level 7.9 Long Blades
 - Level 2.3 Maces & Flails
 - Level 2.6 Dodging
 - Level 3.0 Stealth


You had 7 spell levels left.
You didn't know any spells.
Your spell library was empty.

Dungeon Overview and Level Annotations

Branches:
Dungeon (5/12)             Temple (0/1) D:5

Altars:
Uskayaw

Annotations:
D:2 1 runed door


Innate Abilities, Weirdness & Mutations

((You have large cloven feet.))
((You are partially covered in molten scales. (AC +2)))
When hurt, damage is shared between your health and your magic reserves.
You regenerate magic rapidly.


Message History

It was a potion of haste.
You feel yourself speed up.
You hear the slow hiss of a distant avalanche of sand.
The orc warrior hits you but does no damage.
You hit the orc warrior but do no damage.
You freeze the orc warrior.
The orc warrior is lightly wounded.
You hit the orc warrior. You burn the orc warrior. You freeze the orc warrior.
The orc warrior is lightly wounded.
The orc warrior barely misses you.
You closely miss the orc warrior.
The orc warrior is lightly wounded.
Something hits you but does no damage.
The orc warrior hits you but does no damage.
You barely miss the orc warrior.
The orc warrior is lightly wounded.
You closely miss the orc warrior.
The orc warrior is lightly wounded.
Something hits you but does no damage.
The orc warrior hits you with a +0 war axe!
You die...

###############
###.............## .
##................# ..
#..............<... ...
#.........≈........ ....
##♣......≈≈≈....... .....
###o{......≈≈≈≈......
......#oooo.......≈≈.......
...o..o..#........≈≈≈...†..
.o......###.......≈........
.......## #................
....... #................
....... ##..............#
....... #...............


You could see an orc warrior, 2 orc priests and 3 orcs.

Vanquished Creatures
  A water moccasin (D:5)
  A black bear (D:4)
  A phantom (D:4)
  A centaur (D:3)
  2 scorpions (D:3)
  A crimson imp (D:4)
  A hound (D:4)
  2 orc wizards (D:4)
  3 centaur skeletons (D:4)
  Terence (D:1)
  2 iguanas (D:4)
  A worker ant (D:3)
  Robin (D:1)
  8 gnolls (D:4)
  2 adders (D:4)
  An adder skeleton (D:4)
  6 worms
  A dart slug (D:3)
  2 leopard geckos (D:1)
  9 orcs
  3 giant cockroaches
  18 goblins
  14 hobgoblins
  9 jackals
  6 kobolds
  2 quokkas
  A ball python (D:2)
  5 bats
  3 frilled lizards
  A jackal skeleton (D:4)
  3 jackal zombies (D:5)
  A leopard gecko zombie (D:5)
  8 rats
  A fungus (D:2)
122 creatures vanquished.

Notes
Turn   | Place    | Note
-------+----------+-------------------------------------------
     0 | D:1      | Ethylacetat the Demonspawn Archaeologist began the quest
                  | for the Orb.
     0 | D:1      | Reached XP level 1. HP: 15/15 MP: 1/1
   176 | D:1      | Reached skill level 1 in Maces & Flails
   518 | D:1      | Gained mutation: You are partially covered in molten
                  | scales. (AC +2) [demonic ancestry]
   518 | D:1      | Reached XP level 2. HP: 20/21 MP: 2/2
   869 | D:2      | Noticed Robin
  1033 | D:2      | Noticed Terence
  1065 | D:1      | Gained mutation: When hurt, damage is shared between your
                  | health and your magic reserves. [demonic ancestry]
  1065 | D:1      | Reached XP level 3. HP: 13/27 MP: 3/3
  1188 | D:1      | Killed Terence
  1188 | D:1      | Reached skill level 2 in Long Blades
  1196 | D:1      | Killed Robin
  1196 | D:1      | Gained mutation: You have large cloven feet. [demonic
                  | ancestry]
  1196 | D:1      | Reached XP level 4. HP: 12/34 MP: 2/4
  1519 | D:2      | Found a faded altar of an unknown god.
  1819 | D:2      | Reached skill level 3 in Long Blades
  2141 | D:2      | Found a runed door.
  2245 | D:3      | Reached XP level 5. HP: 29/40 MP: 3/5
  2245 | D:3      | Noticed a centaur
  2264 | D:2      | Reached skill level 4 in Long Blades
  2493 | D:3      | Killed a centaur
  2493 | D:3      | Reached skill level 5 in Long Blades
  3083 | D:3      | Reached XP level 6. HP: 38/47 MP: 6/6
  3591 | D:4      | Reached skill level 6 in Long Blades
  3674 | D:4      | Gained mutation: You regenerate magic rapidly. [demonic
                  | ancestry]
  3674 | D:4      | Reached XP level 7. HP: 48/54 MP: 7/7
  3762 | D:4      | Reached skill level 7 in Long Blades
  3960 | D:4      | Reached skill level 5 in Fighting
  4324 | D:4      | Found a hide-covered altar of Uskayaw.
  4630 | D:5      | Entered Level 5 of the Dungeon
  4630 | D:5      | Found a staircase to the Ecumenical Temple.
  4646 | D:5      | Reached XP level 8. HP: 49/62 MP: 6/8
  4683 | D:5      | Slain by an orc warrior

Skill      XL: |  1  2  3  4  5  6  7 |
---------------+----------------------+-----
Maces & Flails | 1 2 |  2.3
Fighting       | 2 3 4 5 |  5.3
Long Blades    | 2 3 5 6 7 |  7.9
Dodging        | |  2.6
Stealth        | |  3.0

Action                   |  1- 3 |  4- 6 |  7- 9 || total
-------------------------+-------+-------+-------++-------
Melee: Whip              |   131 |       |       ||   131
       Falchion          |    47 |   412 |       ||   459
       Double sword      |       |     8 |   102 ||   110
  Use: Potion            |       |       |     2 ||     2
 Stab: Sleeping          |     2 |       |       ||     2
  Eat: Chunk             |     1 |     9 |     3 ||    13
Armor: Robe              |     8 |       |       ||     8
       Pearl dragon scal |   142 |   298 |    80 ||   520
       Skin              |       |       |     5 ||     5
Dodge: Dodged            |   118 |   166 |    53 ||   337
Block: Other             |       |     6 |     9 ||    15
